 Dungeon Crawl Stone Soup version 0.30.0-5-g1a98f26d00 (webtiles) character file.

Game seed: 17307726356041777871

42 SnakkuSnakku7 the Firebug (level 3, -10/18 HPs)
             Began as a Vine Stalker Fire Elementalist on May 13, 2023.
             Mangled by a sleepcap (18 damage)
             ... on level 3 of the Dungeon.
             The game lasted 00:01:35 (1517 turns).

SnakkuSnakku7 the Firebug (VSFE)                    Turns: 1517, Time: 00:01:35

Health: -10/18     AC:  2    Str: 12    XL:     3   Next: 54%
Magic:  0/7        EV:  2    Int: 15    God:
Gold:   208        SH:  0    Dex: 14    Spells: 5/6 levels left

rFire   . .          .
                       - Unarmed
rCold   . . .        (no shield)
rNeg    . . .        a - +0 robe
rPois   .            (no helmet)
rElec   .            (no cloak)
rCorr   .            (no gloves)
SInv    .            (no boots)
Will    .....        (no amulet)
Stlth   ++           (no ring)
HPRegen 0.23/turn    (no ring)
MPRegen 0.10/turn

%: guardian spirit
@: sleeping
A: fangs 2, magic shield, antimagic bite, no potion heal 2
a: no special abilities


You were on level 3 of the Dungeon.
You visited 1 branch of the dungeon, and saw 3 of its levels.

You collected 208 gold pieces.

Inventory:

Armour
 a - a +0 robe (worn)
Scrolls
 c - a scroll of poison {unknown}
 d - 2 scrolls of torment {unknown}
 e - a scroll of fear {unknown}
 g - a scroll of blinking {unknown}
Potions
 b - a potion of magic
 f - a potion of attraction {unknown}
 h - a potion of lignification {unknown}


   Skills:
 + Level 1.8 Fighting
 - Level 1.5 Dodging
 - Level 2.4 Stealth
 + Level 2.0 Unarmed Combat
 - Level 2.1 Spellcasting
 - Level 1.0 Conjurations
 - Level 3.0 Fire Magic


You had 5 spell levels left.
You knew the following spells:

 Your Spells              Type           Power      Damage    Failure   Level
a - Foxfire               Conj/Fire      28%        2x1d5     10%         1

Your spell library contained the following spells:

 Spells                   Type           Power      Damage    Failure   Level
 Scorch                   Fire           20%        2d5       10%         2
 Inner Flame              Hex/Fire       6%         N/A       34%         3
 Volatile Blastmotes      Fire/Tloc      12%        2d11      34%         3
 Gell's Gravitas          Tloc           1%         N/A       54%         3
 Teleport Other           Tloc           1%         N/A       54%         3
 Flame Wave               Conj/Fire      7%         2d5       67%         4
 Dispersal                Tloc           0%         N/A       100%        6


Dungeon Overview and Level Annotations

Branches:
Dungeon (3/15)

Altars:


Innate Abilities, Weirdness & Mutations

You have extremely sharp teeth.
When hurt, damage is shared between your health and your magic reserves.
Your bite disrupts and absorbs the magic of your enemies.
Potions cannot restore your health.


Message History

The kobold barely misses you.
You hit the kobold but do no damage.
The kobold is heavily wounded.
The kobold misses you.
You hit the kobold.
You kill the kobold!
Found an escape hatch in the floor.
Things that are here:
a +0 dagger; a kobold corpse
Found a hand axe.
HP restored.
Found a robe.
You now have 208 gold pieces (gained 12).
You see here a +0 hand axe.
A kobold comes into view. It is wielding a +0 dagger.
A kobold is nearby!
Found a leather armour.
Found an escape hatch in the ceiling.
The kobold shouts!
A sleepcap comes into view.
You closely miss the kobold. You bite the kobold.
You kill the kobold!
Things that are here:
a +0 dagger; a kobold corpse You hit the sleepcap but do no damage.
The sleepcap completely misses you.
You hit the sleepcap. You bite the sleepcap. You drain its power.
The sleepcap is moderately damaged.
The sleepcap releases spores at you.
You hit the sleepcap. You bite the sleepcap. You drain its power.
You feel invigorated.
The sleepcap is heavily damaged.
The sleepcap releases spores at you!
You hit the sleepcap.
You bite the sleepcap, but do no damage.
The sleepcap is heavily damaged.
The sleepcap releases spores at you.
You are engulfed in a cloud of soporific spores!
You fall asleep.
The sleepcap releases spores at you!!
Ouch! That really hurt!
You die...

#.. .<. ##.# ##..
### ##. #... ... ..
....
###..####.##.#.....
..... ...[#.#.....
#..# #..........
#.#..####.f..#.....
#.#.......@)....#
#.##.####....####
#.##.# #.....#
#.#..###.###.#
#.#......# .#
#.#.####.# .#
#.)..###. .#
#.#.#.### ##
#........


You could see a sleepcap.

Vanquished Creatures
  3 adder skeletons (D:2)
  A worm (D:2)
  2 dart slugs (D:1)
  An endoplasm (D:1)
  A giant cockroach (D:2)
  2 goblins (D:1)
  4 hobgoblins
  2 kobolds (D:3)
  A quokka (D:2)
  2 ball pythons
  A ball python skeleton (D:2)
  A ball python zombie (D:2)
  3 frilled lizards (D:1)
  2 quokka skeletons (D:2)
  A quokka zombie (D:2)
  2 rats
29 creatures vanquished.

Vanquished Creatures (others)
  3 foxfires (D:1)
3 creatures vanquished.

Grand Total: 32 creatures vanquished

Notes
Turn   | Place    | Note
-------+----------+-------------------------------------------
     0 | D:1      | SnakkuSnakku7 the Vine Stalker Fire Elementalist began the
                  | quest for the Orb.
     0 | D:1      | Reached XP level 1. HP: 9/9 MP: 4/4
   259 | D:1      | Reached skill level 1 in Fighting
   259 | D:1      | Reached skill level 1 in Unarmed Combat
   259 | D:1      | Reached XP level 2. HP: 13/14 MP: 6/6
   780 | D:2      | Reached XP level 3. HP: 13/18 MP: 7/7
  1517 | D:3      | Mangled by a sleepcap

Illustrated notes

Levels and vault maps discovered:
D:1:      lightli_arrival_lavapool, layout_loops_ring
D:2:      layout_basic, serial_undead, serial_undead_c, serial_undead_e,
          serial_undead_b, serial_undead_d
D:3:      layout_loops_ring, chequers_temple_overflow_statue_of_worship

Skill      XL: |  1  2  3 |
---------------+----------+-----
Fighting       | 1 |  1.8
Unarmed Combat | 1 2 |  2.0
Dodging        | |  1.5
Stealth        | |  2.4
Spellcasting   | |  2.1
Conjurations   | |  1.0
Fire Magic     | |  3.0

Action                     || total
---------------------------++-------
  Melee: Unarmed           ||   138
         Bite              ||    35
         Punch             ||     2
   Cast: Foxfire           ||     2
   Stab: Sleeping          ||     3
 Armour: Robe              ||    14
  Dodge: Dodged            ||    76
